 Dungeon Crawl Stone Soup version 0.24-a0-443-g80245de385 (webtiles) character file.

Game seed: 16889554893580196731

127 HAL9000 the Sneak (level 5, -1/26 HPs)
             Began as a Vine Stalker Assassin on June 21, 2019.
             Slain by an adder (4 damage)
             ... on level 3 of the Dungeon.
             The game lasted 00:03:48 (2655 turns).

HAL9000 the Sneak (Vine Stalker Assassin)           Turns: 2655, Time: 00:03:49

Health: -1/26      AC:  3    Str: 15    XL:     5   Next: 11%
Magic:  0/2        EV: 11    Int: 11    God:
Gold:   15         SH:  0    Dex: 15    Spells: 4/4 levels left

rFire    . . .     SeeInvis .   o - +2 dagger (antimagic)
rCold    . . .     Gourm    .   (no shield)
rNeg     . . .     Faith    .   b - +0 robe
rPois    .         Spirit   +   (no helmet)
rElec    .         Reflect  .   c - +0 cloak
rCorr    .         Harm     .   (no gloves)
MR       .....                  (no boots)
Stlth    +++.......             (no amulet)
HPRegen  0.48/turn              (no ring)
MPRegen  0.08/turn              (no ring)

@: lethally poisoned (-1 -> -5)
A: fangs 2, regeneration 1, magic shield, antimagic bite, no potion heal 3, rot
immunity
a: no special abilities


You were on level 3 of the Dungeon.
You were not hungry.

You visited 1 branch of the dungeon, and saw 3 of its levels.

You collected 15 gold pieces.

Inventory:

Hand Weapons
 o - a +2 antimagic dagger (weapon)
Missiles
 d - 7 poisoned darts (quivered)
 q - 5 boomerangs
Armour
 b - a +0 robe (worn)
 c - a +0 cloak (worn)
Jewellery
 a - an uncursed ring of ice
Wands
 m - a wand of digging (3)
Scrolls
 h - 3 scrolls of teleportation {unknown}
 i - 2 scrolls of identify
 j - 3 scrolls of blinking {unknown}
 l - a scroll of remove curse {unknown}
 p - a scroll of fear {unknown}
Potions
 g - a potion of flight
Comestibles
 f - 3 rations


   Skills:
 - Level 1.7 Fighting
 + Level 4.6 Short Blades
 - Level 1.7 Throwing
 - Level 0.7 Dodging
 - Level 4.8 Stealth


You had 4 spell levels left.
You didn't know any spells.
Your spell library was empty.

Dungeon Overview and Level Annotations

Branches:
Dungeon (3/15)

Altars:


Innate Abilities, Weirdness & Mutations

You have extremely sharp teeth.
Your natural rate of healing is unusually fast.
When hurt, damage is shared between your health and your magic reserves.
Your bite disrupts and absorbs the magic of your enemies.
Potions cannot restore your health.
You are immune to rotting.


Message History

Quiver which item? (- for none, * to show all) (? for menu, Esc to quit)
Quivering
e - 2 curare-tipped darts for throwing.
Unknown command.
Throwing (i - inventory. (/) - cycle)
e - 2 curare-tipped darts (quivered)
Press: ? - help, Shift-Dir - straight line, f - adder
Aim: an adder You throw a curare-tipped dart.
The curare-tipped dart barely misses the adder.
* * * LOW HITPOINT WARNING * * *
You feel sick. The adder bites you.
* * * LOW HITPOINT WARNING * * *
Throwing (i - inventory. (/) - cycle)
e - a curare-tipped dart (quivered)
Press: ? - help, Shift-Dir - straight line, f/p - adder
Aim: an adder You throw a curare-tipped dart.
The curare-tipped dart hits the adder.
The adder is poisoned.
The adder convulses.
The adder seems to slow down.
The adder is heavily wounded.
* * * LOW HITPOINT WARNING * * *
You feel sick. The adder bites you.
You die...

##.##.# ###
.##...#(##.. #
...........#.#
#......#...
#......#
#...##.###
##........
#S###..## #@#
## #.######
#######
#......#
#...(.#
#.######
#.###.# #.#
#.# #.# #.#
#.###.### #.#
#.##....# #.#
# #.##..#.#
##.##.#


You could see an adder.

Vanquished Creatures
  Jessica (D:2)
  3 adders
  2 oozes (D:1)
  2 worms (D:2)
  3 dart slugs
  A leopard gecko (D:2)
  5 orcs (D:3)
  6 bats
  4 giant cockroaches
  4 hobgoblins
  4 jackals (D:2)
  2 kobolds
  A quokka (D:2)
  2 frilled lizards (D:1)
  4 goblins
  3 rats (D:1)
47 creatures vanquished.

Notes
Turn   | Place    | Note
-------+----------+-------------------------------------------
     0 | D:1      | HAL9000 the Vine Stalker Assassin began the quest for the
                  | Orb.
     0 | D:1      | Reached XP level 1. HP: 11/11 MP: 2/2
    49 | D:1      | Reached XP level 2. HP: 15/15 MP: 3/3
   352 | D:1      | Reached XP level 3. HP: 6/18 MP: 4/4
  1475 | D:2      | Noticed Jessica
  1483 | D:2      | Killed Jessica
  1483 | D:2      | Gained mutation: Your natural rate of healing is unusually
                  | fast. [Vine Stalker growth]
  1483 | D:2      | Reached XP level 4. HP: 19/23 MP: 5/5
  2307 | D:3      | Reached XP level 5. HP: 23/26 MP: 2/6
  2655 | D:3      | Slain by an adder

Levels and vault maps discovered:
D:1:      lemuel_arrival_behind_the_door_small, layout_basic
D:2:      layout_loops_ring, uniq_jessica
D:3:      layout_loops_corners, fiery_altar_vehumet,
          nicolae_ru_sacrificial_ziggurat

Skill      XL: |  1  2  3  4 |
---------------+-------------+-----
Short Blades   | 2 3 4 |  4.6
Fighting       | |  1.7
Throwing       | |  1.7
Dodging        | |  0.7
Stealth        | |  4.8

Action                   |  1- 3 |  4- 6 || total
-------------------------+-------+-------++-------
Melee: Dagger            |    60 |    82 ||   142
       Bite              |    17 |    26 ||    43
Throw: Dart              |     7 |    12 ||    19
  Use: Scroll            |     1 |     1 ||     2
       Potion            |       |     1 ||     1
 Stab: Sleeping          |     6 |     3 ||     9
  Eat: Chunk             |     1 |     4 ||     5
Armor: Robe              |     9 |    14 ||    23
Dodge: Dodged            |    32 |    28 ||    60

Table legend:
 A = Non-vault XP
 B = Vault XP
 C = Vault XP percentage of total XP
 D = Non-vault monster count
 E = Vault monster count
 F = Vault count percentage of total count
                 A         B        C        D         E       F
            +---------+---------+-------+---------+---------+-------
      Total |     145 |      37 |  20.3 |      46 |       1 |   2.1
            +---------+---------+-------+---------+---------+-------
        D:1 |      45 |       0 |   0.0 |      18 |       0 |   0.0
        D:2 |      71 |      37 |  34.3 |      21 |       1 |   4.5
        D:3 |      29 |       0 |   0.0 |       7 |       0 |   0.0
            +---------+---------+-------+---------+---------+-------
